Map: Newkirk Precinct TE (Void)

Players

Lambo

  • Race: Zerg Zerg
  • Spawn Location: 7:00

Harstem - Winner!

  • Race: Protoss Protoss
  • Spawn Location: 5:00

Event: IEM XI Katowice - World Championship 2017

VOD

Have the link to the VOD?

Description

Time

  • Played on: Feb. 27, 2017, 5:46 a.m.
  • Length: 14:17

All games in this series

Show
View Real Time Build Order
Export as new Build Order

Lambo Zerg 

Build Orders: Hatch First, Zergling Baneling 

Get SALT Encoding   

  12  0:00  Drone  
  13  0:12  Overlord  
  13  0:18  Drone  
  14  0:31  Drone x2  
  16  0:49  Hatchery  
  15  0:52  Drone  
  15  0:55  Drone  
  17  1:00  Drone  
  18  1:10  Extractor  
  17  1:14  Spawning Pool  
  17  1:17  Drone  
  17  1:21  Drone  
  18  1:28  Drone  
  19  1:39  Overlord  
  19  1:49  Drone  
  20  2:01  Zergling x2, Queen x2  
  20  2:02  Zergling x2  
  26  2:10  Metabolic Boost  
  26  2:13  Drone  
  26  2:14  Drone  
  28  2:23  Drone  
  28  2:28  Drone  
  30  2:38  Hatchery  
  30  2:42  Drone x2  
  31  2:50  Queen  
  33  2:52  Drone  
  33  2:57  Overlord  
  34  2:59  Zergling x2  
  34  3:02  Zergling x2  
  36  3:08  Overlord  
  36  3:16  Drone x2  
  36  3:17  Drone x2  
  40  3:20  Drone x2  
  40  3:22  Drone  
  40  3:26  Drone  
  44  3:31  Drone  
  44  3:35  Baneling Nest  
  44  3:36  Queen  
  44  3:40  Drone  
  46  3:43  Zergling x4  
  46  3:48  Zergling x2  
  49  3:49  Drone x2  
  49  3:52  Drone  
  49  3:54  Zergling x4  
  54  3:59  Queen  
  54  4:02  Drone  
  57  4:08  Overlord  
  57  4:12  Overlord  
  57  4:18  Extractor  
  57  4:19  Overlord  
  57  4:23  Overlord, Drone  
  57  4:27  Evolution Chamber  
  57  4:30  Drone  
  57  4:31  Zergling x2, Drone x2  
  59  4:32  Zergling x6  
  59  4:33  Baneling x5  
  59  4:34  Baneling  
  63  4:40  Zergling x6  
  63  4:41  Drone  
  63  4:44  Zergling x4  
  69  4:49  Baneling x3  
  71  4:52  Zergling x4  
  71  4:53  Zergling x4  
  71  4:56  Overlord  
  71  4:57  Drone  
  74  5:02  Overlord  
  74  5:05  Drone x3  
  77  5:10  Drone x3  
  77  5:11  Drone  
  81  5:14  Zerg Melee Weapons Level 1  
  81  5:16  Drone  
  81  5:17  Drone  
  83  5:23  Drone x4  
  83  5:24  Extractor x2  
  83  5:27  Lair  
  85  5:34  Drone x2  
  87  5:35  Roach Warren  
  87  5:37  Overlord  
  87  5:39  Drone x2  
  88  5:44  Drone x3  
  88  5:48  Extractor  
  89  5:52  Drone  
  89  5:54  Overlord  
  89  5:56  Drone x2  
  92  5:57  Drone  
  92  5:58  Zergling x2  
  92  5:59  Zergling x10, Drone  
  100  6:10  Drone x2  
  98  6:16  Hatchery  
  97  6:19  Zergling x6  
  97  6:22  Roach x3  
  106  6:26  Drone x2  
  106  6:27  Drone x2  
  112  6:33  Centrifical Hooks, Roach  
  112  6:39  Drone  
  113  6:42  Overlord  
  113  6:43  Extractor, Ravager  
  113  6:47  Overlord  
  113  6:53  Overlord  
  113  6:55  Overlord x3  
  113  7:01  Roach, Ravager x3  
  116  7:02  Roach  
  116  7:03  Baneling  
  116  7:04  Overlord x2, Baneling x8  
  120  7:10  Baneling x8  
  120  7:11  Roach  
  120  7:12  Roach  
  120  7:13  Roach  
  120  7:14  Zergling x2  
  124  7:18  Zergling x4  
  124  7:19  Zergling x2  
  118  7:26  Zergling x12  
  105  7:32  Roach x2  
  106  7:37  Zergling x4  
  106  7:41  Ravager x2  
  107  7:45  Zergling x4, Roach x2  
  107  7:47  Ravager  
  107  7:51  Zergling x6  
  117  7:54  Zergling x2  
  116  7:58  Zergling x2  
  116  7:59  Zergling x2  
  116  8:01  Zerg Melee Weapons Level 2  
  116  8:03  Roach x2  
  120  8:08  Drone x2  
  122  8:14  Ravager x3  
  122  8:16  Drone x3  
  122  8:17  Drone  
  122  8:18  Drone x4  
  133  8:21  Zergling x2  
  133  8:22  Ravager  
  133  8:26  Zergling x8  
  133  8:27  Zergling x4  
  141  8:29  Ravager  
  142  8:34  Overlord  
  142  8:37  Overlord  
  142  8:38  Zergling x4  
  144  8:43  Zergling x2  
  144  8:44  Zergling x12  
  144  8:47  Queen  
  153  8:49  Ravager x3  
  153  8:50  Overlord x3  
  153  8:52  Zergling x2  
  153  8:53  Zergling x4  
  159  8:55  Baneling  
  159  8:56  Baneling x4  
  159  8:57  Zergling x2  
  160  9:04  Zergling x6  
  160  9:07  Baneling  
  160  9:08  Zergling x2, Baneling x5  
  160  9:09  Zergling x2  
  165  9:12  Zergling x2  
  165  9:13  Zergling x10  
  167  9:17  Baneling x4  
  167  9:18  Zergling x6  
  167  9:21  Baneling  
  167  9:22  Zergling x6, Baneling  
  173  9:28  Zergling x2  
  173  9:29  Zergling x6  
  163  9:35  Baneling x3  
  163  9:36  Baneling x4  
  163  9:42  Zergling x2  
  163  9:43  Zergling x12  
  163  9:44  Baneling x2  
  163  9:45  Baneling x2  
  170  9:49  Zergling x10  
  170  9:52  Zergling x4  
  170  9:58  Baneling x2  
  170  9:59  Baneling x5  
  165  10:02  Zergling x6  
  165  10:06  Baneling  
  166  10:07  Zergling x8  
  166  10:14  Zergling x4  
  155  10:19  Zergling x2  
  155  10:20  Zergling x8  
  131  10:22  Roach  
  131  10:23  Roach  
  131  10:27  Roach  
  132  10:32  Baneling x9  
  132  10:34  Zergling x2  
  132  10:35  Zergling x4  
  135  10:37  Roach x2  
  135  10:38  Baneling  
  135  10:39  Zergling x4, Baneling x3  
  140  10:43  Zergling x2  
  140  10:44  Zergling x4  
  131  10:53  Zergling x6  
  118  10:58  Roach  
  118  11:02  Roach  
  112  11:06  Roach x4  
  109  11:13  Baneling x8  
  111  11:20  Zergling x12  
  115  11:26  Zerg Ground Armor Level 1  
  115  11:31  Zergling x8  
  117  11:35  Spore Crawler, Spine Crawler  
  112  11:40  Zergling x8  
  112  11:44  Overseer, Pneumatized Carapace  
  112  11:45  Drone  
  112  11:46  Drone x3  
  117  11:50  Zergling x6  
  120  11:56  Zergling x12  
  120  11:57  Infestation Pit  
  120  12:00  Ravager x2  
  120  12:01  Ravager  
  128  12:03  Drone  
  128  12:04  Zergling x6  
  128  12:08  Hatchery  
  131  12:15  Zergling x20  
  141  12:23  Overseer, Ravager x3  
  141  12:25  Zergling x10  
  141  12:26  Zergling x6  
  152  12:32  Ravager  
  152  12:35  Zergling x2  
  152  12:36  Zergling x6  
  157  12:38  Ravager  
  158  12:46  Zergling x2, Hive  
  158  12:47  Zergling x14  
  166  12:55  Zergling x12  
  166  12:56  Zergling x4  
  174  13:03  Zergling x6  
  176  13:10  Zergling x2  
  176  13:11  Zergling x8  
  180  13:19  Zergling x2  
  182  13:20  Zergling x14  
  182  13:21  Spire  
  182  13:23  Ravager  
  182  13:26  Zergling x10  
  193  13:33  Zergling x8  
  193  13:34  Zergling x2  
  198  13:36  Queen  
  199  13:43  Baneling x10  
  199  13:45  Ravager  
  199  13:46  Baneling x2  
  200  13:54  Zergling x2  
  200  13:56  Baneling x3  
  200  13:57  Baneling x9  
Show
View Real Time Build Order
Export as new Build Order

Harstem Protoss - Winner!

Build Orders: Nexus First, Mass Adepts 

Get SALT Encoding   

  12  0:00  Probe (Chrono Boost)  
  13  0:11  Probe (Chrono Boost)  
  14  0:19  Pylon  
  14  0:22  Probe (Chrono Boost)  
  15  0:37  Probe (Chrono Boost)  
  16  0:47  Probe (Chrono Boost)  
  17  1:00  Nexus  
  17  1:09  Gateway  
  17  1:12  Probe (Chrono Boost)  
  18  1:19  Assimilator  
  18  1:23  Probe (Chrono Boost)  
  19  1:26  Assimilator  
  19  1:33  Probe (Chrono Boost)  
  20  1:41  Gateway  
  20  1:44  Probe (Chrono Boost)  
  21  1:54  Probe (Chrono Boost)  
  21  1:57  Cybernetics Core  
  22  2:05  Probe (Chrono Boost)  
  23  2:12  Probe (Chrono Boost)  
  25  2:15  Probe (Chrono Boost)  
  25  2:23  Probe (Chrono Boost)  
  25  2:26  Probe (Chrono Boost)  
  27  2:30  Adept x2  
  27  2:33  Pylon  
  27  2:34  Warp Gate  
  27  2:35  Probe (Chrono Boost)  
  32  2:40  Probe (Chrono Boost)  
  33  2:46  Probe (Chrono Boost)  
  33  2:48  Twilight Council  
  35  2:51  Probe (Chrono Boost)  
  35  2:57  Probe (Chrono Boost)  
  36  3:00  Adept  
  36  3:02  Probe (Chrono Boost)  
  36  3:05  Adept  
  41  3:09  Pylon  
  41  3:10  Probe (Chrono Boost)  
  42  3:14  Probe (Chrono Boost)  
  42  3:16  Resonating Glaives  
  43  3:20  Gateway  
  43  3:26  Adept, Probe (Chrono Boost)  
  44  3:31  Adept, Probe (Chrono Boost)  
  49  3:41  Probe (Chrono Boost)  
  50  3:44  Pylon, Probe (Chrono Boost)  
  51  3:51  Adept  
  53  3:59  Adept  
  53  4:01  Pylon, Robotics Facility  
  53  4:02  Probe (Chrono Boost)  
  56  4:04  Probe (Chrono Boost)  
  59  4:18  Probe (Chrono Boost)  
  59  4:22  Mothership Core (Chrono Boost)  
  60  4:24  Pylon  
  60  4:26  Nexus  
  60  4:33  Pylon  
  60  4:36  Adept x2  
  60  4:37  Adept  
  67  4:39  Probe (Chrono Boost)  
  67  4:43  Probe (Chrono Boost)  
  67  4:44  Warp Prism  
  68  4:47  Pylon  
  71  4:53  Probe (Chrono Boost)  
  71  4:56  Adept  
  71  4:58  Assimilator  
  71  4:59  Sentry  
  75  5:01  Probe (Chrono Boost)  
  75  5:02  Assimilator  
  76  5:10  Probe (Chrono Boost)  
  76  5:13  Probe (Chrono Boost)  
  78  5:16  Forge  
  78  5:19  Sentry  
  81  5:21  Probe (Chrono Boost)  
  81  5:23  Immortal  
  81  5:26  Probe (Chrono Boost)  
  86  5:33  Gateway  
  86  5:35  Gateway  
  86  5:37  Probe (Chrono Boost)  
  86  5:38  Probe (Chrono Boost)  
  86  5:39  Protoss Ground Weapons Level 1, Probe (Chrono Boost)  
  89  5:48  Probe (Chrono Boost)  
  91  5:50  Sentry  
  91  5:56  Probe (Chrono Boost), Gateway  
  93  5:57  Immortal  
  93  6:00  Probe x2 (Chrono Boost)  
  99  6:09  Probe (Chrono Boost)  
  100  6:12  Probe (Chrono Boost)  
  100  6:13  Pylon, Probe (Chrono Boost)  
  100  6:16  Gateway  
  100  6:18  Sentry x2  
  106  6:20  Pylon  
  106  6:21  Probe (Chrono Boost)  
  106  6:25  Pylon  
  107  6:27  Adept  
  107  6:30  Assimilator  
  107  6:31  Probe (Chrono Boost)  
  112  6:33  Probe x2 (Chrono Boost)  
  112  6:34  Assimilator, Pylon  
  112  6:37  Sentry, Photon Cannon  
  112  6:38  Observer, Sentry  
  116  6:42  Adept, Probe (Chrono Boost)  
  121  6:47  Probe (Chrono Boost)  
  121  6:49  Pylon  
  122  6:55  Probe (Chrono Boost)  
  122  6:56  Pylon  
  122  7:01  Adept x4  
  131  7:08  Probe (Chrono Boost)  
  131  7:11  Templar Archives  
  131  7:12  Pylon  
  131  7:18  Stalker x3  
  113  7:30  Adept x3  
  113  7:33  Adept, Probe (Chrono Boost)  
  116  7:41  Psionic Storm  
  111  7:44  Probe (Chrono Boost)  
  111  7:47  Stalker  
  111  7:48  Probe (Chrono Boost), Stalker x2  
  111  7:49  Probe (Chrono Boost)  
  119  7:53  Protoss Ground Weapons Level 2  
  119  7:56  Probe (Chrono Boost)  
  120  8:01  Blink  
  120  8:02  Probe (Chrono Boost)  
  120  8:03  Probe (Chrono Boost)  
  120  8:06  Immortal  
  125  8:13  Pylon, Probe (Chrono Boost)  
  125  8:15  Nexus  
  125  8:17  Pylon  
  125  8:21  High Templar  
  125  8:24  Adept x3  
  125  8:26  Pylon  
  133  8:29  Pylon  
  133  8:30  Photon Cannon  
  134  8:34  Probe (Chrono Boost)  
  134  8:36  High Templar  
  134  8:37  Stalker x2  
  140  8:49  High Templar  
  140  8:54  Assimilator  
  143  8:57  Adept x2  
  143  8:58  Assimilator, Pylon  
  146  9:02  Photon Cannon  
  146  9:03  Pylon  
  146  9:04  Stalker  
  146  9:06  Photon Cannon  
  148  9:15  Stalker x3  
  154  9:20  Probe (Chrono Boost)  
  154  9:21  Pylon  
  154  9:22  Pylon  
  155  9:26  Archon  
  155  9:27  Pylon  
  155  9:30  Stalker  
  155  9:31  Stalker x2  
  150  9:35  Probe (Chrono Boost)  
  150  9:37  Sentry  
  151  9:38  Immortal  
  151  9:41  Stalker  
  151  9:45  Pylon  
  153  9:49  Dark Shrine  
  153  9:53  Adept  
  153  9:57  Gateway, Sentry, Stalker  
  159  10:02  Pylon x2  
  159  10:05  Stalker x2  
  151  10:16  Adept x2  
  151  10:20  Probe (Chrono Boost)  
  128  10:24  Stalker x2  
  128  10:27  Probe (Chrono Boost)  
  128  10:28  Gateway  
  129  10:30  Pylon  
  129  10:31  Stalker x2  
  129  10:32  Immortal  
  137  10:38  Adept x2  
  137  10:40  Photon Cannon  
  135  10:53  Stalker x2  
  119  10:59  Adept x4  
  107  11:14  Probe (Chrono Boost)  
  107  11:16  Photon Cannon  
  107  11:18  Dark Templar x2, Probe x2 (Chrono Boost)  
  112  11:19  Stalker  
  112  11:20  Gateway  
  112  11:21  Dark Templar  
  112  11:22  Zealot x2, Dark Templar  
  112  11:23  Pylon, Probe (Chrono Boost)  
  112  11:25  Dark Templar  
  127  11:26  Immortal  
  127  11:29  Archon  
  127  11:30  Probe (Chrono Boost)  
  132  11:39  Pylon  
  131  11:42  Probe (Chrono Boost)  
  131  11:43  Dark Templar  
  131  11:44  Dark Templar  
  133  11:50  Probe (Chrono Boost)  
  133  11:53  High Templar  
  133  11:54  Archon  
  136  12:02  Sentry, Stalker  
  136  12:03  High Templar  
  136  12:05  Nexus  
  142  12:13  Immortal  
  142  12:15  Probe (Chrono Boost)  
  142  12:17  Probe x2 (Chrono Boost)  
  147  12:25  Stalker  
  147  12:26  Pylon, Stalker x3  
  147  12:27  High Templar  
  157  12:35  Pylon  
  157  12:37  High Templar, Gateway  
  157  12:43  High Templar  
  161  12:44  Pylon, Probe (Chrono Boost)  
  162  12:53  Pylon  
  162  12:54  Immortal  
  162  12:55  High Templar  
  162  12:56  Stalker x3  
  162  12:57  Zealot x2  
  174  13:02  Pylon  
  176  13:14  High Templar x2  
  176  13:17  Pylon  
  180  13:23  Archon  
  180  13:24  Probe (Chrono Boost)  
  180  13:25  Probe (Chrono Boost)  
  182  13:27  Pylon  
  182  13:28  Warp Prism  
  182  13:29  Pylon  
  182  13:33  Assimilator  
  184  13:34  Dark Templar  
  184  13:35  Dark Templar  
  184  13:36  Assimilator  
  188  13:42  Archon, Photon Cannon  
  188  13:43  Photon Cannon  
  188  13:44  Photon Cannon  
  188  13:48  Zealot, Dark Templar  
  188  13:49  Adept  
  194  14:06  Dark Templar x2  
  199  14:13  Archon x2  
  199  14:14  Archon  
  165  14:15  Stalker  

Tags
 
Add a new tag
Caveats
  • Supply blocks, unpowered buildings, or Contaminate may cause inaccurate times.
  • Supply counts are checked every 10 seconds.